 Dungeon Crawl Stone Soup version 0.29-a0-270-g1586fc07ea (webtiles) character file.

Game seed: 7419002067725804770

17 pascalblue the Chiller (level 2, 0/15 HPs)
             Began as a Deep Elf Ice Elementalist on Mar 7, 2022.
             Slain by a goblin
             ... wielding a +0 dagger
             ... led by Robin
              (2 damage)
             ... on level 2 of the Dungeon.
             The game lasted 00:01:42 (1183 turns).

pascalblue the Chiller (Deep Elf Ice Elementalist)  Turns: 1183, Time: 00:01:43

Health: 0/15       AC:  2    Str:  5    XL:     2   Next: 44%
Magic:  6/8        EV: 12    Int: 19    God:
Gold:   53         SH:  0    Dex: 15    Spells: 6/7 levels left

rFire   . . .      SeeInvis .   k - +1 falchion (vorpal)
rCold   . . .      Faith    .   (no shield)
rNeg    . . .      Spirit   .   a - +0 robe
rPois   .          Reflect  .   (no helmet)
rElec   .          Harm     .   (no cloak)
rCorr   .          Rampage  .   (no gloves)
Will    .....                   (no boots)
Stlth   ++........              (no amulet)
HPRegen 0.05/turn               (no ring)
MPRegen 0.11/turn               (no ring)

@: no status effects
A: no striking features
a: no special abilities


You were on level 2 of the Dungeon.
You visited 1 branch of the dungeon, and saw 2 of its levels.

You collected 53 gold pieces.

Inventory:

Hand Weapons
 g - a +0 club
 i - a +0 dagger
 k - a +1 vorpal falchion (weapon)
Armour
 a - a +0 robe (worn)
Scrolls
 c - a scroll of amnesia {unknown}
 d - a scroll of brand weapon {unknown}
 e - a scroll of teleportation {unknown}
 f - 2 scrolls of identify {unknown}
Potions
 b - a potion of magic
 h - a potion of lignification {unknown}
 j - a potion of cancellation {unknown}


   Skills:
 - Level 2.4 Dodging
 - Level 2.4 Stealth
 + Level 3.1 Spellcasting
 * Level 5.1 Ice Magic


You had 6 spell levels left.
You knew the following spells:

 Your Spells              Type           Power      Damage    Failure   Level
a - Freeze                Ice            88%        1d10      1%          1

Your spell library contained the following spells:

 Spells                   Type           Power      Damage    Failure   Level
 Frozen Ramparts          Ice            44%        1d6       5%          3
 Ozocubu's Armour         Ice            22%        N/A       5%          3
 Hailstorm                Conj/Ice       12%        3d5       45%         4


Dungeon Overview and Level Annotations

Branches:
Dungeon (2/15)

Altars:

Annotations:
D:2 Robin


Message History

There is a stone staircase leading up here.
A goblin comes into view. It is wielding a +0 dagger.
A ball python comes into view.
Found 17 gold pieces.
Robin of the Strong Arm comes into view.
They are wielding a +0 spear.
Robin roars a battlecry!
The goblin goes into a battle-frenzy!
You hear a shout!
You hear a shout! x3
The goblin hits you with a +0 dagger.
A goblin comes into view. It is wielding a +0 club.
A goblin comes into view. It is wielding a +0 dagger.
Robin says, "Feeling lonely?"
You hear an angry hiss.
The goblin shouts!
The ball python hisses angrily.
You hit the goblin but do no damage.
You hear a shout! x2
The goblin hits you with a +0 dagger.
A goblin comes into view. It is wielding a +0 dagger. x3
A hobgoblin comes into view.
An adder comes into view.
Robin throws the goblin at you!
Casting: Freeze (safe; 1% risk of failure)
Confirm with . or Enter, or press ? or * to list all spells.
Aiming: Freeze (safe; 1% risk of failure)
Press: ? - help, Shift-Dir - straight line, f - goblin
Aim: a goblin, wielding a +0 club (strong)
You freeze the goblin.
The goblin is severely wounded.
An adder comes into view.
The goblin hits you with a +0 dagger. The goblin hits you with a +0 club.
* * * LOW HITPOINT WARNING * * *
Casting: Freeze (safe; 1% risk of failure)
Confirm with . or Enter, or press ? or * to list all spells.
Aiming: Freeze (safe; 1% risk of failure)
Press: ? - help, Shift-Dir - straight line, f/p - goblin
Aim: a goblin, wielding a +0 club (severely wounded, strong)
You freeze the goblin!
You kill the goblin!
The goblin hits you with a +0 dagger.
You die...

##### # ....######### ...
###.......<.########.....
#########....)@gSg.ggg.
##########gg..g g..


S You could see Robin, a hobgoblin (strong), 5 goblins and a ball python.

Vanquished Creatures
  A dart slug (D:1)
  2 bats (D:1)
  2 giant cockroaches (D:1)
  2 goblins
  3 hobgoblins (D:1)
  A ball python (D:1)
  2 frilled lizards
  A kobold (D:1)
  2 rats (D:1)
16 creatures vanquished.

Notes
Turn   | Place    | Note
-------+----------+-------------------------------------------
     0 | D:1      | pascalblue the Deep Elf Ice Elementalist began the quest
                  | for the Orb.
     0 | D:1      | Reached XP level 1. HP: 10/10 MP: 6/6
   414 | D:1      | Reached XP level 2. HP: 15/15 MP: 5/8
   564 | D:1      | Reached skill level 5 in Ice Magic
  1178 | D:2      | Noticed Robin
  1183 | D:2      | Slain by a goblin

Illustrated notes

Levels and vault maps discovered:
D:1:      eino_arrival_cavern_d, layout_basic
D:2:      minmay_evil_eye, layout_rooms, uniq_robin

Skill      XL: |  1  2 |
---------------+-------+-----
Ice Magic      | 5 |  5.1
Dodging        | |  2.4
Stealth        | |  2.4
Spellcasting   | |  3.1

Action                   || total
-------------------------++-------
Melee: Unarmed           ||     2
       Dagger            ||     3
       Club              ||     1
       Falchion          ||     1
 Cast: Freeze            ||    20
 Stab: Sleeping          ||     1
Armor: Robe              ||     1
Dodge: Dodged            ||     7

Table legend: (Time is in decaauts)
 A = Elapsed time spent in this place.
 B = Non-inter-level travel time spent in this place.
 C = Inter-level travel time spent in this place.
 D = Time resting spent in this place.
 E = Time spent auto-exploring this place.
 F = Levels seen in this place.
 G = Mean time per level.
                   A        B        C        D        E       F      G
               +--------+--------+--------+--------+--------+-----+--------+
         Total |   1181 |   1153 |     28 |    261 |    724 |   2 |  590.5 |
       Dungeon |   1181 |   1153 |     28 |    261 |    724 |   2 |  590.5 |
               +--------+--------+--------+--------+--------+-----+--------+

Top non-repeatable levels by time:
     D:1: 1132 daAuts
     D:2: 49 daAuts
